Map: Dreamcatcher LE

Players

Swatopluke - Winner!

  • Race: Protoss Protoss
  • League: Platinum
  • Spawn Location: 5:00

Looloobaa

  • Race: Zerg Zerg
  • League: Platinum
  • Spawn Location: 11:00

VOD

Have the link to the VOD?

Description

Time

  • Played on: Nov. 13, 2018, 3:01 p.m.
  • Length: 10:21
Show
View Real Time Build Order
Export as new Build Order

Swatopluke Protoss - Winner!

Build Orders: Mass Adepts 

Get SALT Encoding   

  12  0:00  Probe  
  13  0:12  Probe  
  14  0:20  Pylon  
  14  0:24  Probe  
  15  0:35  Probe  
  15  0:39  Gateway  
  16  0:43  Probe  
  17  0:52  Probe  
  18  0:59  Gateway  
  18  1:04  Probe, Assimilator  
  19  1:16  Probe  
  20  1:26  Cybernetics Core  
  20  1:28  Probe  
  20  1:30  Assimilator  
  21  1:35  Pylon  
  21  1:40  Probe  
  22  1:49  Warp Gate  
  22  1:54  Adept  
  22  2:03  Adept  
  22  2:06  Probe  
  27  2:18  Twilight Council  
  27  2:23  Adept  
  29  2:30  Adept  
  31  2:42  Pylon  
  31  2:45  Pylon  
  31  2:49  Gateway  
  31  2:55  Resonating Glaives  
  31  3:00  Probe  
  32  3:12  Probe  
  33  3:36  Stargate  
  31  4:04  Adept x3  
  37  4:14  Nexus  
  37  4:16  Probe  
  38  4:20  Oracle  
  41  4:24  Adept x3  
  47  4:32  Pylon  
  47  4:50  Probe  
  44  5:09  Adept x2  
  44  5:10  Adept  
  42  5:41  Adept x3  
  48  6:02  Adept x3  
  54  6:12  Probe x2  
  50  6:33  Adept x3  
  50  6:39  Probe x2  
  58  6:43  Oracle  
  58  6:46  Assimilator  
  61  6:47  Gateway  
  61  6:49  Assimilator  
  61  6:50  Gateway  
  61  6:53  Adept x3  
  67  7:28  Stalker  
  69  7:33  Probe  
  69  7:34  Pylon  
  69  7:36  Pylon  
  70  7:38  Pylon  
  70  7:52  Probe x2  
  70  7:58  Stalker x4  
  73  8:01  Charge  
  73  8:04  Probe x2  
  79  8:09  Zealot  
  69  8:38  Stalker x2  
  69  8:39  Stalker x2  
  69  8:40  Stalker  
  66  9:30  Adept x5  
  76  9:46  Probe x2  
Show
View Real Time Build Order
Export as new Build Order

Looloobaa Zerg 

Build Orders: Hatch First 

Get SALT Encoding   

  12  0:01  Drone  
  13  0:12  Overlord  
  13  0:18  Drone  
  14  0:22  Extractor  
  14  0:24  Drone  
  15  0:30  Drone  
  16  0:37  Drone  
  17  0:54  Hatchery  
  16  0:59  Drone  
  16  1:01  Drone  
  18  1:12  Extractor, Drone  
  18  1:22  Drone, Spawning Pool  
  18  1:30  Drone  
  19  1:39  Drone  
  20  1:49  Overlord  
  20  2:04  Drone  
  21  2:13  Zergling x4  
  23  2:17  Metabolic Boost  
  23  2:19  Queen x2  
  27  2:24  Drone x2  
  27  2:29  Roach Warren  
  28  2:35  Drone  
  28  2:36  Drone  
  30  2:40  Drone  
  30  2:43  Overlord  
  31  3:00  Drone x3  
  31  3:02  Queen  
  31  3:40  Extractor  
  30  3:45  Drone  
  30  3:46  Drone x7  
  30  3:47  Overlord  
  34  4:12  Roach  
  34  4:13  Roach x2  
  40  4:19  Drone x5  
  40  4:20  Drone x3  
  48  4:33  Extractor  
  47  4:42  Spine Crawler  
  47  4:44  Lair  
  42  4:58  Drone x3  
  39  5:03  Roach  
  39  5:04  Roach x4  
  38  5:21  Roach  
  35  5:33  Drone  
  35  5:34  Drone x8  
  33  5:57  Spore Crawler  
  27  6:03  Drone  
  28  6:04  Drone x8  
  28  6:08  Spore Crawler  
  28  6:10  Roach  
  33  6:30  Drone x4  
  34  6:40  Spine Crawler  
  33  6:50  Drone x5  
  38  7:05  Roach x2  
  36  7:28  Queen  
  38  7:36  Drone x7  
  44  7:51  Drone x4  
  44  7:56  Spine Crawler  
  47  8:01  Roach x2  
  51  8:09  Overlord  
  51  8:10  Overlord  
  51  8:14  Overlord  
  51  8:23  Glial Reconstitution, Queen  
  52  8:30  Roach  
  52  8:31  Roach x2  
  52  8:32  Roach  
  52  8:53  Hydralisk Den  
  47  9:02  Spore Crawler  
  40  9:10  Roach  
  40  9:11  Roach x6  
  48  9:24  Roach x2  
  40  9:42  Hydralisk x2  
  40  9:44  Hydralisk  
Tags
 
Composition
Mass Adepts
Matchup
PvZ
Replay Pack
Swatopluke
Spawn Locations
Cross Positions
Add a new tag
Caveats
  • Supply blocks, unpowered buildings, or Contaminate may cause inaccurate times.
  • Supply counts are checked every 10 seconds.